 Dungeon Crawl Stone Soup version 0.21.1-1-g345015fe64 (webtiles) character file.

420 KleinerIrrer the Insei (level 6, -5/42 HPs)
             Began as an Octopode Transmuter on Apr 17, 2018.
             Slain by an iron imp (10 damage)
             ... on level 4 of the Dungeon.
             The game lasted 00:07:32 (4005 turns).

KleinerIrrer the Insei (Octopode Transmuter)        Turns: 4005, Time: 00:07:33

Health: -5/42      AC:  1    Str: 11    XL:     6   Next: 94%
Magic:  9/9        EV: 14    Int: 16    God:
Gold:   166        SH:  0    Dex: 12    Spells: 8/9 levels left

rFire    . . .     SeeInvis .     - Unarmed
rCold    . . .     Gourm    .   (no shield)
rNeg     . . .     Faith    .   (helmet restricted)
rPois    .         Spirit   .   (no amulet)
rElec    .         Reflect  .   (no ring)
rCorr    .         Harm     .   (no ring)
MR       .....                  (no ring)
Stlth    ++........             (no ring)
HPRegen  0.14/turn              (no ring)
MPRegen  0.11/turn              (no ring)
                                (no ring)
                                (no ring)

@: no status effects
A: almost no armour, stealthy swim, amphibious, 8 rings, constrict 8, camouflage
1, gelatinous body 1
a: no special abilities


You were on level 4 of the Dungeon.
You were not hungry.

You visited 1 branch of the dungeon, and saw 4 of its levels.

You collected 166 gold pieces.

Inventory:

Missiles
 a - 26 arrows
Wands
 i - a wand of clouds (4)
 j - a wand of iceblast (10)
Scrolls
 e - 4 scrolls of remove curse {unknown}
 f - a scroll of fog {unknown}
 l - a scroll of enchant armour {unknown}
 m - a scroll of noise {unknown}
 o - 2 scrolls of enchant weapon
 p - a scroll of magic mapping {unknown}
Potions
 d - a potion of agility {unknown}
 g - 2 potions of cancellation
 k - 2 potions of curing {unknown}
Books
 b - a book of Changes

   Spells                             Type                      Level
   a - Beastly Appendage              Transmutation                1
   b - Sticks to Snakes               Transmutation                2
   c - Spider Form                    Transmutation/Poison         3
   d - Ice Form                       Ice/Transmutation            4
   e - Blade Hands                    Transmutation                5
Comestibles
 c - 9 rations
 h - 5 chunks of flesh


   Skills:
 - Level 3.2 Fighting
 + Level 4.0 Dodging
 * Level 5.8 Unarmed Combat
 - Level 2.0 Spellcasting
 - Level 2.0 Transmutations


You had 8 spell levels left.
You knew the following spells:

 Your Spells              Type           Power        Failure   Level  Hunger
a - Beastly Appendage     Tmut           #.....       9%          1    #......


Dungeon Overview and Level Annotations

Branches:
Dungeon (4/15)
 Temple: D:4-7

Altars:
Makhleb
Vehumet
Zin

Annotations:
D:3 Sigmund


Innate Abilities, Weirdness & Mutations

You cannot wear most types of armour.
You are very stealthy in the water. (Stealth+)
You are amphibious.
You can wear up to eight rings at the same time.
You can use your tentacles to constrict eight enemies at once.
Your skin changes colour to match your surroundings (Stealth+).
Your rubbery body absorbs attacks. (AC +1, EV +1)


Message History

You constrict the iron imp. The iron imp hits you.
You tentacle-slap the iron imp.
You kill the iron imp!
Your Dodging skill increases to level 4!
You tentacle-slap the iron imp but do no damage.
Your grab misses the iron imp. The iron imp hits you.
You barely miss the iron imp. You grab the iron imp.
You tentacle-slap the iron imp.
You squeeze the iron imp, but do no damage.
The iron imp is lightly wounded.
You constrict the iron imp. The iron imp hits you!
* * * LOW HITPOINT WARNING * * *
You tentacle-slap the iron imp.
The iron imp is moderately wounded.
You constrict the iron imp.
You tentacle-slap the iron imp but do no damage.
The iron imp is heavily wounded.
You constrict the iron imp, but do no damage.
The iron imp hits you!
You die...

##).#
#.....)...#
####
#.........#
#.........#
#(........#
###.........#
#...........#
#.#.........#
#.#############
#..........@5.#
#.........≈≈§.#
#.......§§§≈≈.#
#....§.§§§§...#
#.....§§≈§§...#
#....§.§§§..!.#
#.....≈8..._..#
#......≈≈.....#
##.....≈≈.§...#


You could see an iron imp.

Vanquished Creatures
  The ghost of DildoBatman the Sneak, an amateur FoEn of Kikubaaqudgha (D:4)
  2 iron imps (D:4)
  An iguana (D:4)
  Ijyb (D:3)
  An orc wizard (D:4)
  2 gnolls (D:3)
  2 adders
  An ooze (D:3)
  An adder skeleton (D:4)
  A worm (D:2)
  2 dart slugs
  2 leopard geckos
  6 orcs
  5 ball pythons
  2 giant cockroaches (D:3)
  9 goblins
  16 hobgoblins
  4 jackals (D:3)
  3 quokkas
  13 bats
  11 frilled lizards
  8 kobolds
  A leopard gecko skeleton (D:3)
  11 rats
106 creatures vanquished.

Notes
Turn   | Place    | Note
-------+----------+-------------------------------------------
     0 | D:1      | KleinerIrrer the Octopode Transmuter began the quest for the Orb.
     0 | D:1      | Reached XP level 1. HP: 13/13 MP: 3/3
    45 | D:1      | Reached XP level 2. HP: 7/18 MP: 5/5
   403 | D:1      | Reached XP level 3. HP: 22/23 MP: 6/6
   989 | D:2      | Found a radiant altar of Vehumet.
  1321 | D:2      | Reached skill level 4 in Unarmed Combat
  1338 | D:2      | Found a glowing silver altar of Zin.
  1425 | D:2      | Reached XP level 4. HP: 28/29 MP: 7/7
  1690 | D:3      | Noticed Ijyb
  1708 | D:3      | Noticed Sigmund
  1709 | D:3      | Killed Ijyb
  1972 | D:3      | Reached XP level 5. HP: 13/34 MP: 8/8
  3339 | D:4      | Noticed DildoBatman's ghost (amateur FoEn)
  3355 | D:4      | Killed DildoBatman's ghost
  3355 | D:4      | Reached skill level 5 in Unarmed Combat
  3355 | D:4      | Reached XP level 6. HP: 5/42 MP: 9/9
  3639 | D:4      | HP: 1/42 [orc/flail (10)]
  3980 | D:4      | Found a burning altar of Makhleb.
  4005 | D:4      | Slain by an iron imp

Skill      XL: |  1  2  3  4  5  6 |
---------------+-------------------+-----
Unarmed Combat | 4 5 |  5.8
Fighting       | 2 3 |  3.2
Dodging        | 3 4 |  4.0
Spellcasting   | |  2.0
Transmutations | |  2.0

Action                   |  1- 3 |  4- 6 || total
-------------------------+-------+-------++-------
Melee: Unarmed           |   106 |   169 ||   275
       Constrict         |    28 |    32 ||    60
       Tentacles         |     8 |    29 ||    37
       Punch             |     3 |     5 ||     8
  Use: Scroll            |       |     3 ||     3
       Potion            |       |     3 ||     3
 Stab: Sleeping          |     3 |     7 ||    10
       Distracted        |       |     1 ||     1
  Eat: Chunk             |     2 |     6 ||     8
       Ration            |       |     1 ||     1
Armor: Skin              |     7 |    14 ||    21
Dodge: Dodged            |    74 |   131 ||   205
